AoeStats
← rettet_den_Wald

Arena

510528987Analyzed
1v1 RM · 1d ago on Oct 1, 2026· 39m 57s· 2 players
Game mode
Random Map
Map size
Tiny (2 player)
Population
200
Speed
Normal
Resources
Standard
Victory
Conquest
Starting age
Dark Age
Ending age
Imperial Age
RankedLock teamsTeams togetherTeam positionsShared explorationLock speedFull tech treeHidden civsTurbo modeCheats
Victory
Defeat
🇨🇳 Mongols · China
850
+15
🇩🇪 Inca · Germany
826
-15
rettet_den_Wald
2:35 Loom
14:27 Feudal Age
14:57 Horse Collar
15:03 Double-Bit Axe
19:38 Castle Age
19:19 Scale Mail Armor
19:33 Stone Mining
19:35 Gold Mining
25:26 Heavy Plow
25:52 Bow Saw
26:19 Elite Skirmisher
28:00 Wheelbarrow
27:44 Fletching
30:21 Hand Cart
31:48 Gold Shaft Mining
31:32 Thumb Ring
35:31 Imperial Age
33:28 Andean Sling
33:51 Chain Mail Armor
33:47 Forging
34:27 Ballistics
34:18 Masonry
34:20 Fortified Wall
34:28 Pikeman
37:20 Chemistry
36:55 Plate Mail Armor
37:01 Iron Casting
36:52 Conscription
37:00 Champi Runner
37:41 Squires
38:26 Bodkin Arrow
40:23 Blast Furnace
40:09 Fabric Shields
wyztkvn1
10:52 Feudal Age
16:01 Castle Age
13:49 Double-Bit Axe
13:50 Horse Collar
22:39 Crossbowman
28:03 Wheelbarrow
32:09 Imperial Age
30:30 Hand Cart
30:01 Town Watch
30:01 Loom
30:52 Bloodlines
30:44 Husbandry
30:10 Light Cavalry
30:57 Gold Mining
30:57 Stone Mining
32:06 Town Patrol
32:18 Fletching
32:28 Padded Archer Armor
32:29 Scale Mail Armor
32:40 Forging
32:35 Scale Barding Armor
32:47 Arbalester
34:53 Conscription
35:25 Gold Shaft Mining
35:27 Onager
37:09 Drill
37:55 Thumb Ring
39:04 Ballistics
38:39 Murder Holes
38:41 Capped Ram
Connection lost

Rejoining the realm…

Still unreachable

The connection could not be restored.

Session expired

The server has moved on; the page needs a fresh start.